 Dungeon Crawl Stone Soup version 0.20.2-3-g29329e0561 (webtiles) character file.

1719 Alfie the Carver (level 8, -8/70 HPs)
             Began as a Minotaur Fighter on Sept 10, 2020.
             Killed by divine providence
             ... invoked by an orc priest
              (14 damage)
             ... on level 7 of the Dungeon on Sept 11, 2020.
             The game lasted 00:13:32 (4047 turns).

Alfie the Carver (Minotaur Fighter)                 Turns: 4047, Time: 00:13:34

Health: -8/70      AC: 10    Str: 28    XL:     8   Next: 75%
Magic:  7/7        EV: 10    Int:  5    God:
Gold:   325        SH: 16    Dex: 10    Spells: 7/7 levels left

rFire    . . .     SeeInvis .   a - +0 long sword
rCold    . . .     Gourm    .   c - +0 shield
rNeg     . . .     Faith    .   b - +1 scale mail
rPois    .         Spirit   .   (helmet restricted)
rElec    .         Reflect  +   p - +0 cloak
rCorr    .         Harm     .   (no gloves)
MR       +....                  (no boots)
Stlth    ..........             l - +5 amulet of reflection
Regen    0.3/turn               j - ring of protection from magic
MPRegen  0.1/turn               (no ring)

@: mighty, lethally poisoned (-8 -> -9)
A: retaliatory headbutt, horns 2
a: no special abilities


You were on level 7 of the Dungeon.
You were not hungry.

You visited 1 branch of the dungeon, and saw 7 of its levels.

You collected 345 gold pieces.
You spent 20 gold pieces at shops.

Inventory:

Hand Weapons
 a - a +0 long sword (weapon)
Missiles
 q - 5 tomahawks (quivered)
Armour
 b - a +1 scale mail (worn)
 c - a +0 shield (worn)
 p - a +0 cloak (worn)
Jewellery
 i - the ring of Equilibrium {+Blink +Fly Str+4, unknown}
   (You found it on level 6 of the Dungeon)

   [ring of flight]

   It affects your strength (+4).
   It lets you fly.
   It lets you blink.
 j - a ring of protection from magic (left hand)
 k - an uncursed ring of resist corrosion
 l - a +5 amulet of reflection (around neck)
 r - an uncursed amulet of guardian spirit {unknown}
 w - a +6 ring of intelligence {unknown}
 z - an uncursed amulet of faith {unknown}
 A - an uncursed ring of wizardry {unknown}
Wands
 m - a wand of random effects (48/48)
 o - a wand of acid (6/15)
Scrolls
 e - 4 scrolls of teleportation
 g - a scroll of fog
 h - a scroll of blinking
 n - a scroll of recharging
 s - 3 scrolls of remove curse
 u - 2 scrolls of enchant weapon {unknown}
 y - 2 scrolls of fear {unknown}
Potions
 d - a potion of might
 v - a potion of haste
 x - a potion of curing {unknown}
Comestibles
 f - 4 bread rations
 t - 6 meat rations


   Skills:
 + Level 5.8 Fighting
 + Level 9.2 Long Blades
 + Level 6.6 Armour
 + Level 3.2 Dodging
 + Level 0.1 Stealth
 + Level 6.9 Shields


You had 7 spell levels left.
You didn't know any spells.

Dungeon Overview and Level Annotations

Branches:
Dungeon (7/15)             Temple (0/1) D:5

Altars:
Elyvilon
Hepliaklqana
Okawaru
Sif Muna
Xom
Zin

Shops:
D:4 ?


Innate Abilities, Weirdness & Mutations

You reflexively headbutt those who attack you in melee.
You have a pair of horns on your head.


Message History

Something hits you but does no damage. You block the orc priest's attack.
The orc barely misses you. You furiously retaliate!
You headbutt the orc!
You kill the orc!
The kobold throws a stone.
You reflect the stone off an invisible shield around you!
The stone completely misses the kobold.
The stone hits the kobold but does no damage.
Something hits you but does no damage.
The orc priest casts a cantrip, but nothing happens.
You hear some strange, mumbled words.
A magic dart appears from out of thin air!
The magic dart hits you!
* * * LOW HITPOINT WARNING * * *
Something hits you but does no damage.
The kobold throws a stone.
You reflect the stone off an invisible shield around you!
The stone barely misses the kobold.
The stone closely misses the kobold.
The stone completely misses the kobold.
The orc priest invokes the aid of Beogh against you.
Beogh smites you!
You die...

#### ### ## ... #<#
.. #.########.#.# ##
#..))##......#
+...####†#.....#.#
#....(†.(...########
#...(.(...@.(KKK.(..
#.(........)#oK..###
#...........#.K..#
#.(.........#....#
#...........#....#
#...........#.....#
#...#########.....#
... .....#


You could see an orc priest and 4 kobolds.

Vanquished Creatures
  A hippogriff (D:7)
  An ice beast (D:6)
  2 necrophages
  A sky beast (D:5)
  An ogre (D:6)
  A centaur (D:6)
  2 big kobolds (D:7)
  2 bullfrogs (D:6)
  A wyvern zombie (D:5)
  A scorpion (D:4)
  A bullfrog zombie (D:5)
  2 orc priests
  5 orc wizards
  2 iguanas
  2 worker ants (D:4)
  A hound skeleton (D:6)
  3 gnolls (D:4)
  12 adders
  A howler monkey skeleton (D:6)
  An ooze (D:2)
  An adder skeleton (D:4)
  2 worms
  5 dart slugs
  4 leopard geckos
  14 orcs
  A ball python (D:2)
  7 bats
  4 giant cockroaches
  6 hobgoblins
  10 jackals
  A quokka (D:2)
  3 frilled lizards
  12 goblins
  11 kobolds
  A leopard gecko skeleton (D:4)
  7 rats
  A butterfly (D:3)
133 creatures vanquished.

Notes
Turn   | Place    | Note
-------+----------+-------------------------------------------
     0 | D:1      | Alfie the Minotaur Fighter began the quest for the Orb.
     0 | D:1      | Reached XP level 1. HP: 19/19 MP: 0/0
    54 | D:1      | Reached XP level 2. HP: 27/27 MP: 1/1
   171 | D:1      | Reached skill level 3 in Long Blades
   325 | D:1      | Reached XP level 3. HP: 33/33 MP: 2/2
   620 | D:2      | Reached XP level 4. HP: 33/40 MP: 3/3
  1167 | D:3      | Found a shimmering altar of Xom.
  1178 | D:3      | Reached skill level 4 in Long Blades
  1209 | D:3      | Found a hazy altar of Hepliaklqana.
  1324 | D:3      | Found an iron altar of Okawaru.
  1556 | D:3      | Reached XP level 5. HP: 47/47 MP: 4/4
  1621 | D:3      | Found a deep blue altar of Sif Muna.
  1691 | D:4      | Reached skill level 1 in Dodging
  1813 | D:4      | Reached XP level 6. HP: 45/55 MP: 5/5
  1885 | D:4      | Reached skill level 5 in Long Blades
  1885 | D:4      | Reached skill level 5 in Armour
  1943 | D:4      | Reached skill level 5 in Fighting
  2276 | D:4      | Found Meulez's Magic Scroll Shoppe.
  2284 | D:4      | Bought a scroll of identify for 20 gold pieces
  2430 | D:4      | Reached skill level 5 in Shields
  2607 | D:5      | Entered Level 5 of the Dungeon
  2607 | D:5      | Found a white marble altar of Elyvilon.
  2680 | D:5      | Reached XP level 7. HP: 54/61 MP: 6/6
  2700 | D:5      | Reached skill level 6 in Long Blades
  2720 | D:5      | Found a staircase to the Ecumenical Temple.
  2926 | D:5      | Found a shimmering altar of Xom.
  2927 | D:5      | Found a shimmering altar of Xom.
  2927 | D:5      | Found a shimmering altar of Xom.
  2928 | D:5      | Found a shimmering altar of Xom.
  2929 | D:5      | Found a shimmering altar of Xom.
  2929 | D:5      | Found a shimmering altar of Xom.
  2930 | D:5      | Found a shimmering altar of Xom.
  2972 | D:5      | Found a glowing silver altar of Zin.
  3157 | D:6      | Reached skill level 7 in Long Blades
  3309 | D:6      | Got a transparent steel ring
  3340 | D:6      | Reached XP level 8. HP: 60/69 MP: 7/7
  3933 | D:6      | Reached skill level 8 in Long Blades
  4023 | D:7      | Noticed a hippogriff
  4036 | D:7      | Killed a hippogriff
  4036 | D:7      | Reached skill level 9 in Long Blades
  4047 | D:7      | Killed from afar by an orc priest

Skill      XL: |  1  2  3  4  5  6  7  8 |
---------------+-------------------------+-----
Fighting       | 4 5 |  5.8
Long Blades    | 3 4 5 7 9 |  9.2
Armour         | 4 5 6 |  6.6
Shields        | 4 5 6 |  6.9
Dodging        | 1 2 3 |  3.2
Stealth        | |  0.1

Action                   |  1- 3 |  4- 6 |  7- 9 || total
-------------------------+-------+-------+-------++-------
Melee: Long sword        |    88 |   193 |   127 ||   408
       Headbutt          |    13 |    29 |    28 ||    70
  Use: Scroll            |     6 |     9 |     1 ||    16
       Potion            |       |     2 |     2 ||     4
  Eat: Bread ration      |       |     1 |     1 ||     2
       Fruit             |       |     2 |     3 ||     5
Armor: Scale mail        |    49 |   108 |    44 ||   201
Dodge: Dodged            |    23 |    59 |    39 ||   121
Block: Shield            |    48 |   113 |   118 ||   279
       Reflection        |       |       |    12 ||    12
       Rpst.: Long sword |     6 |    15 |    14 ||    35
